 Dungeon Crawl Stone Soup version 0.21.1 (webtiles) character file.

93 KamiKatze the Conjurer (level 4, -2/24 HPs)
             Began as a Deep Elf Conjurer on Feb 4, 2018.
             Slain by a river rat (7 damage)
             ... on level 3 of the Dungeon.
             The game lasted 00:07:11 (1312 turns).

KamiKatze the Conjurer (Deep Elf Conjurer)          Turns: 1312, Time: 00:07:11

Health: -2/24      AC:  2    Str:  5    XL:     4   Next: 36%
Magic:  0/12       EV: 13    Int: 21    God:
Gold:   101        SH:  0    Dex: 15    Spells: 1/11 levels left

rFire    . . .     SeeInvis .   n - +1 dagger (elec)
rCold    . . .     Gourm    .   (no shield)
rNeg     . . .     Faith    .   a - +0 robe
rPois    .         Spirit   .   (no helmet)
rElec    .         Reflect  .   (no cloak)
rCorr    .         Harm     .   (no gloves)
MR       +....                  (no boots)
Stlth    ++........             (no amulet)
HPRegen  0.08/turn              e - ring of protection from magic
MPRegen  0.13/turn              (no ring)

@: no status effects
A: no striking features
a: no special abilities


You were on level 3 of the Dungeon.
You were not hungry.

You visited 1 branch of the dungeon, and saw 3 of its levels.

You collected 101 gold pieces.

Inventory:

Hand Weapons
 n - a +1 dagger of electrocution (weapon)
Armour
 a - a +0 robe (worn)
Jewellery
 e - a ring of protection from magic (left hand)
Scrolls
 h - a scroll of identify
 j - 6 scrolls of teleportation
 k - a scroll of blinking
Potions
 f - 2 potions of degeneration {unknown}
 g - a potion of agility {unknown}
 i - 2 potions of haste
 l - a potion of lignification {unknown}
Books
 b - a book of Conjurations

   Spells                             Type                      Level
   a - Magic Dart                     Conjuration                  1
   b - Searing Ray                    Conjuration                  2
   c - Dazzling Spray                 Conjuration/Hexes            3
   d - Fulminant Prism                Conjuration/Hexes            4
   e - Force Lance                    Conjuration/Translocation    4
   f - Iskenderun's Mystic Blast      Conjuration                  4
 m - a book of Minor Magic

   Spells                             Type                      Level
   a - Magic Dart                     Conjuration                  1
   b - Blink                          Translocation                2
   c - Call Imp                       Summoning                    2
   d - Slow                           Hexes                        2
   e - Conjure Flame                  Conjuration/Fire             3
   f - Mephitic Cloud                 Conjuration/Poison/Air       3
Comestibles
 c - 7 rations
 d - 5 chunks of flesh


   Skills:
 - Level 2.4 Dodging
 - Level 2.4 Stealth
 + Level 4.2 Spellcasting
 * Level 5.7 Conjurations
 + Level 1.5 Hexes


You had one spell level left.
You knew the following spells:

 Your Spells              Type           Power        Failure   Level  Hunger
a - Magic Dart            Conj           ####         1%          1    None
b - Searing Ray           Conj           ####..       1%          2    #......
c - Dazzling Spray        Conj/Hex       ###...       8%          3    ###....
d - Iskenderun's Mystic   Conj           ####....     11%         4    ####...


Dungeon Overview and Level Annotations

Branches:
Dungeon (3/15)

Altars:
Elyvilon
Hepliaklqana
Kikubaaqudgha
Nemelex Xobeh

Portals:
Sewer: D:3


Message History

You barely miss the river rat.
The river rat is lightly wounded.
The river rat barely misses you. The rat bites you.
You barely miss the river rat.
The river rat is lightly wounded.
The river rat bites you!
* * * LOW HITPOINT WARNING * * *
The rat misses you.
Casting: Magic Dart
Confirm with . or Enter, or press ? or * to list all spells.
Aiming: Searing Ray
Press: ? - help, Shift-Dir - straight line, f - river rat
Aim: a river rat (lightly wounded)
The searing ray misses the river rat.
The searing ray misses the rat. (Press . to maintain the ray.)
The river rat misses you.
The searing ray hits the river rat.
The river rat is heavily wounded.
The river rat bites you!
You die...

####### #∩≈≈≈≈#
#≈≈≈≈≈# #≈≈≈≈.#
#≈≈...##############
#%....##...........#
#..#####.#########.#
##.rr@...# #.###
#######.# #.... #.#
####. #.# #. #.# ##
#.# ... .#


You could see a river rat and a rat.

Vanquished Creatures
  4 adders
  A shadow imp (D:3)
  An ooze (D:2)
  A dart slug (D:2)
  4 leopard geckos
  An orc (D:2)
  5 giant cockroaches
  4 hobgoblins
  A quokka (D:2)
  A ball python (D:2)
  2 frilled lizards (D:3)
  3 goblins
  4 kobolds
  8 rats
40 creatures vanquished.

Notes
Turn   | Place    | Note
-------+----------+-------------------------------------------
     0 | D:1      | KamiKatze the Deep Elf Conjurer began the quest for the Orb.
     0 | D:1      | Reached XP level 1. HP: 10/10 MP: 6/6
   366 | D:1      | Reached XP level 2. HP: 15/15 MP: 6/8
   370 | D:1      | Learned a level 2 spell: Searing Ray
   518 | D:2      | Found a white marble altar of Elyvilon.
   525 | D:2      | Found a hazy altar of Hepliaklqana.
   529 | D:2      | Found an ancient bone altar of Kikubaaqudgha.
   633 | D:2      | Reached skill level 5 in Conjurations
   665 | D:2      | Found a sparkling altar of Nemelex Xobeh.
   722 | D:2      | Reached XP level 3. HP: 18/19 MP: 7/10
   727 | D:2      | Learned a level 3 spell: Dazzling Spray
  1151 | D:3      | Reached skill level 1 in Hexes
  1181 | D:3      | Reached XP level 4. HP: 24/24 MP: 3/12
  1187 | D:3      | Learned a level 4 spell: Iskenderun's Mystic Blast
  1289 | D:3      | Found a glowing drain.
  1312 | D:3      | Slain by a river rat

Skill      XL: |  1  2  3 |
---------------+----------+-----
Conjurations   | 5 |  5.7
Spellcasting   | 4 |  4.2
Hexes          | 1 |  1.5
Dodging        | |  2.4
Stealth        | |  2.4

Action                   |  1- 3 |  4- 6 || total
-------------------------+-------+-------++-------
Melee: Whip              |     6 |       ||     6
       Dagger            |       |    10 ||    10
 Cast: Magic Dart        |    49 |     5 ||    54
       Searing Ray       |     5 |     4 ||     9
  Use: Scroll            |     4 |       ||     4
 Stab: Sleeping          |     2 |       ||     2
  Eat: Chunk             |     1 |       ||     1
Dodge: Dodged            |     5 |    11 ||    16
